 Dungeon Crawl Stone Soup version 0.30-a0-578-gdee14c521f (webtiles) character file.

Game seed: 15142885468245239458

114 brightshaft the Slasher (level 4, -1/35 (36) HPs)
             Began as a Demigod Gladiator on Dec 31, 2022.
             Slain by an orc wizard
             ... wielding a +2 dagger of draining
              (3 damage)
             ... on level 3 of the Dungeon.
             The game lasted 00:04:09 (1861 turns).

brightshaft the Slasher (Demigod Gladiator)         Turns: 1861, Time: 00:04:10

HP:   -1/35 (36)    AC:  6    Str: 15    XL:     4   Next: 41%
MP:   6/6           EV: 11    Int: 10    God:
Gold: 124           SH:  0    Dex: 19    Spells: 3/3 levels left

rFire   . . .      SeeInvis .    a - +0 long sword
rCold   . . .      Faith    .    (no shield)
rNeg    . . .      Spirit   .    o - +0 ring mail
rPois   .          Reflect  .    c - +0 helmet
rElec   .          Harm     .    (no cloak)
rCorr   .          Rampage  .    (no gloves)
Will    .....                    (no boots) Stlth
                                 (no amulet)
HPRegen 0.25/turn                (no ring)
MPRegen 0.10/turn                (no ring)

@: confused, lightly drained
A: high MP 1, forlorn, divine attributes
a: no special abilities


You were on level 3 of the Dungeon.
You visited 1 branch of the dungeon, and saw 3 of its levels.

You collected 124 gold pieces.

Inventory:

Hand Weapons
 a - a +0 long sword (weapon)
Missiles
 d - 3 throwing nets (quivered)
 e - a javelin
Armour
 b - a +0 leather armour
 c - a +0 helmet (worn)
 o - a +0 ring mail (worn)
Scrolls
 f - a scroll of magic mapping {unknown}
 g - a scroll of identify {unknown}
 l - a scroll of poison {unknown}
 m - a scroll of teleportation {unknown}
Potions
 h - a potion of heal wounds {unknown}
 i - a potion of might {unknown}
 j - a potion of lignification {unknown}
 k - a potion of degeneration {unknown}
 n - a potion of invisibility {unknown}
 p - a potion of flight {unknown}
 q - a potion of curing {unknown}


   Skills:
 - Level 1.7 Fighting
 * Level 5.0 Long Blades
 - Level 1.7 Throwing
 - Level 2.6 Dodging


You had 3 spell levels left.
You didn't know any spells.
Your spell library contained the following spells:

 Spells                   Type           Power      Damage    Failure   Level
 Sublimation of Blood     Necr           0%         N/A       75%         2
 Wereblood                Tmut           0%         N/A       75%         2
 Summon Hydra             Summ           0%         N/A       100%        7


Dungeon Overview and Level Annotations

Branches:
Dungeon (3/15)

Shops:
D:1 *


Innate Abilities, Weirdness & Mutations

You have an increased reservoir of magic. (+10% MP)
You shall have no god before yourself.
Your divine heritage dramatically boosts your attributes as you level up.


Message History

The frilled lizard bites you but does no damage.
You hear some strange, mumbled words.
A puff of flame appears from out of thin air!
The puff of flame hits you!
Unknown command.
You miss something. Something hits you. The frilled lizard barely misses you.
You closely miss something.
You hear some strange, mumbled words.
A puff of flame appears from out of thin air!
The puff of flame hits you. The frilled lizard barely misses you.
You miss something. Something hits you.
The frilled lizard bites you but does no damage.
You closely miss something.
The frilled lizard bites you but does no damage.
You hear some strange, mumbled words.
You are confused.
The frilled lizard closely misses you.
You miss the frilled lizard. The orc closely misses you.
The frilled lizard misses you.
You bump into the rock wall.
The frilled lizard bites you but does no damage.
Something hits you but does no damage. Something hits you.
You feel drained. The orc barely misses you.
You bump into the rock wall.
Something hits you but does no damage.
You hear some strange, mumbled words.
A puff of flame appears from out of thin air!
The puff of flame misses you. The orc hits you with a +0 flail.
The frilled lizard barely misses you.
You slash the orc!
You kill the orc!
Something hits you.
You hear some strange, mumbled words.
A puff of flame appears from out of thin air!
The puff of flame hits you!
* * * LOW HITPOINT WARNING * * *
The frilled lizard bites you.
* * * LOW HITPOINT WARNING * * *
The frilled lizard closely misses you. Something hits you but does no damage.
Something hits you.
You die...

#............# #
#............## # #####
#########.....### ......
#### #.###.#.. ...... ...
#.# #.### ..<..b####.# #.#
#.#.. ...........# #.#
#.#.# .......##l)#
#.###...#
.......†{@.#######......##
......###{.........###..#
..... ############ #..#
#### ####..# ## ###.....#
###≈ #...##.###
##..≈##.####....
###...≈#..# #####
....~.≈..## #..


You could see a frilled lizard.

Vanquished Creatures
  5 adders
  4 dart slugs
  4 orcs (D:3)
  3 ball pythons (D:1)
  6 bats
  4 endoplasms
  2 giant cockroaches
  4 hobgoblins
  4 jackals (D:1)
  3 kobolds
  4 quokkas
  4 frilled lizards
  6 goblins
  4 rats
57 creatures vanquished.

Notes
Turn   | Place    | Note
-------+----------+-------------------------------------------
     0 | D:1      | brightshaft the Demigod Gladiator began the quest for the
                  | Orb.
     0 | D:1      | Reached XP level 1. HP: 17/17 MP: 3/3
    50 | D:1      | Reached skill level 3 in Long Blades
   142 | D:1      | Reached XP level 2. HP: 5/24 MP: 4/4
   274 | D:1      | Found Qejemy's General Store.
   793 | D:2      | Reached skill level 4 in Long Blades
   793 | D:2      | Reached XP level 3. HP: 25/29 MP: 5/5
  1338 | D:2      | Reached XP level 4. HP: 34/36 MP: 6/6
  1849 | D:3      | Reached skill level 5 in Long Blades
  1861 | D:3      | Slain by an orc wizard

Illustrated notes

Levels and vault maps discovered:
D:1:      saegor_arrival_simple_d, layout_basic, serial_shops,
          nicolae_shop_waterfront, minmay_crystal_room
D:2:      minmay_wonky_spiral, layout_loops_cross, basic_altar
D:3:      layout_basic, fedhas_altar_1, lightli_temple_of_fire, serial_rivers,
          chequers_serial_rivers_micro_b, chequers_serial_rivers_micro_e,
          chequers_serial_rivers_micro_a, chequers_serial_rivers_micro_b,
          chequers_serial_rivers_micro_e, serial_shops, shop

Skill      XL: |  1  2  3  4 |
---------------+-------------+-----
Long Blades    | 3 4 5 |  5.0
Fighting       | |  1.7
Throwing       | |  1.7
Dodging        | |  2.6

Action                   |  1- 3 |  4- 6 || total
-------------------------+-------+-------++-------
Melee: Long sword        |   146 |    49 ||   195
 Stab: Sleeping          |     5 |     1 ||     6
Armor: Leather armour    |    59 |     9 ||    68
       Ring mail         |       |    16 ||    16
Dodge: Dodged            |   129 |    36 ||   165

Table legend: (Time is in decaauts)
 A = Elapsed time spent in this place.
 B = Non-inter-level travel time spent in this place.
 C = Inter-level travel time spent in this place.
 D = Time resting spent in this place.
 E = Time spent auto-exploring this place.
 F = Levels seen in this place.
 G = Mean time per level.
                   A        B        C        D        E       F      G
               +--------+--------+--------+--------+--------+-----+--------+
         Total |   1902 |   1880 |     22 |      0 |   1430 |   3 |  634.0 |
       Dungeon |   1902 |   1880 |     22 |      0 |   1430 |   3 |  634.0 |
               +--------+--------+--------+--------+--------+-----+--------+

Top non-repeatable levels by time:
     D:2: 869 daAuts
     D:1: 793 daAuts
     D:3: 239 daAuts
